[Event "Titled Tuesday Blitz May 24 Early 2022"]
[White "Baches Garcia, Guillermo"]
[Black "Bifulco, Michel"]
[WhiteFideId "2209764"]
[BlackFideId "828580"]
[WhiteElo "2507"]
[BlackElo "2165"]
[Result "1/2-1/2"]
[Round "06"]
[TimeControl "180+1"]
[Date "2022.05.25"]
[WhiteClock "0:00:12"]
[BlackClock "0:00:57"]

1. e4 e5 2. Nf3 Nc6 3. Bc4 Nf6 4. Ng5 d5 5. exd5 Na5 6. Bb5+ c6 7. dxc6 bxc6 8. Qf3 Be7 9. Bd3 O-O 10. Nc3 h6 11. Nge4 Nd5 12. Ng3 Nb4 13. O-O Nxd3 14. cxd3 Ba6 15. Nf5 Bg5 16. h4 Bf6 17. Ne4 Bxh4 18. Nc5 Bc8 19. b4 Nb7 20. Nxh4 Nxc5 21. bxc5 Qxh4 22. Qxc6 Bf5 23. Bb2 Bxd3 24. Rfe1 Rac8 25. Qd5 Rfd8 26. Qxe5 f6 27. Qe6+ Kh7 28. Rac1 Re8 29. Qh3 Qxh3 30. gxh3 Rxe1+ 31. Rxe1 Rxc5 32. Bc3 1/2-1/2


[Site "https://www.chess.com"]

[Event "Titled Tuesday Blitz May 24 Early 2022"]
[White "Bachmann, Axel"]
[Black "Shipov, Sergei"]
[WhiteFideId "3700488"]
[BlackFideId "4113624"]
[WhiteElo "2587"]
[BlackElo "2808"]
[Result "1-0"]
[Round "06"]
[TimeControl "180+1"]
[Date "2022.05.24"]
[WhiteClock "0:00:01"]
[BlackClock "0:00:19"]

1. e4 e6 2. Qe2 c5 3. g3 Nc6 4. Bg2 g6 5. Nf3 Bg7 6. O-O Nge7 7. c3 e5 8. Na3 O-O 9. d3 d6 10. Nc2 h6 11. b4 Be6 12. b5 Na5 13. c4 a6 14. Rb1 axb5 15. Rxb5 Nac6 16. a3 Qd7 17. Bd2 Bg4 18. Rfb1 Ra7 19. Qe1 Nd4 20. Nfxd4 exd4 21. Qc1 h5 22. Qb2 Rb8 23. Bf4 Nc6 24. Rb6 Ne5 25. Bxe5 Bxe5 26. f3 Be6 27. f4 Bg7 28. Ne1 Qc7 29. Nf3 Bf6 30. Qc1 Rba8 31. f5 Bd7 32. fxg6 fxg6 33. Qf4 Rf8 34. Qxd6 Qxd6 35. Rxd6 Bc6 36. Rb3 Kg7 37. Nh4 Rd8 38. e5 Rxd6 39. exd6 Bxg2 40. Nxg2 Kf7 41. Nf4 Bd8 42. Nd5 Ke6 43. Nf4+ Kf5 44. Kg2 b6 45. Nd5 Ke6 46. Kf3 Kxd6 47. Nxb6 Rf7+ 48. Kg2 Re7 49. Nd5 Re2+ 50. Kg1 g5 51. Rb8 Ba5 52. Rg8 Bd2 53. Rg6+ Ke5 54. Rg7 g4 55. Re7+ 1-0


[Site "https://www.chess.com"]

[Event "Titled Tuesday Blitz May 24 Early 2022"]
[White "Balint, Vilmos"]
[Black "Dobre, Claudiu-Cristian"]
[WhiteFideId "718050"]
[BlackFideId "1211854"]
[WhiteElo "2059"]
[BlackElo "2207"]
[Result "0-1"]
[Round "06"]
[TimeControl "180+1"]
[Date "2022.05.25"]
[WhiteClock "0:02:29"]
[BlackClock "0:00:05"]

1. e4 Nc6 2. d4 d5 3. exd5 Qxd5 4. Ne2 e5 5. Nbc3 Bb4 6. Bd2 Bxc3 7. Bxc3 exd4 8. Nxd4 Nxd4 9. Qxd4 Qxd4 10. Bxd4 Nf6 11. O-O-O Be6 12. Be2 O-O 13. Bf3 c6 14. Bc5 Rfd8 15. Rxd8+ Rxd8 16. a3 a6 17. Be7 Rd7 18. Bxf6 gxf6 19. Rd1 Rxd1+ 20. Kxd1 a5 21. Kd2 Kf8 22. b4 axb4 23. axb4 Ke7 24. Kd3 Kd6 25. c4 b6 26. Kd4 c5+ 27. bxc5+ bxc5+ 28. Kd3 Ke5 29. Be4 f5 30. Bf3 f4 31. g3 f6 32. Bc6 Bf5+ 33. Kc3 fxg3 34. hxg3 Kd6 35. Bg2 h6 36. Kd2 Ke5 37. Ke3 Be6 38. f4+ Kd6 39. Bf1 Bf5 40. Bd3 Be6 41. Kf3 Ke7 42. Kg2 Kf7 43. Kf3 Ke7 44. g4 Kd6 45. Kg3 Ke7 46. Kh4 Kf8 47. Be2 Kg7 48. Kh5 Bf7+ 49. Kh4 Be6 50. Bd3 Kf8 51. Kg3 Ke7 52. Be2 Kf8 53. Kf3 Ke7 54. Ke4 Kd6 55. Kd3 Ke7 56. Bf3 Kd6 57. Kc3 Kd7 58. Be2 Kd6 59. Kb3 Kc7 60. Ka4 Kb6 61. Ka3 Ka5 62. Kb3 Bf7 63. Bd3 Be6 64. Be2 Bf7 65. Kc3 Kb6 66. Bf3 Be6 67. Kb3 Ka5 68. Bd5 Bxg4 69. Bf7 h5 70. Bg6 h4 71. Be4 h3 72. Bf3 Bxf3 73. Kc3 h2 74. Kd3 h1=Q 0-1


[Site "https://www.chess.com"]

[Event "Titled Tuesday Blitz May 24 Early 2022"]
[White "Bas Mas, Jose Joaquin"]
[Black "Guzman, Christopher"]
[WhiteFideId "22219064"]
[BlackFideId "6405096"]
[WhiteElo "2233"]
[BlackElo "2244"]
[Result "0-1"]
[Round "06"]
[TimeControl "180+1"]
[Date "2022.05.25"]
[WhiteClock "0:02:17"]
[BlackClock "0:02:21"]

1. e4 c6 2. Nc3 d5 3. Nf3 dxe4 4. Nxe4 Nf6 5. d3 Bg4 6. Be2 Nbd7 7. O-O Bxf3 8. Bxf3 e6 9. a4 Qc7 10. h3 Be7 11. a5 O-O 12. Re1 Rfd8 13. Qe2 h6 14. b3 Nd5 15. Bb2 N7f6 16. c4 Nf4 17. Qe3 Rxd3 0-1


[Site "https://www.chess.com"]

[Event "Titled Tuesday Blitz May 24 Early 2022"]
[White "Bellissimo, Joseph F."]
[Black "Aradhya, Garg"]
[WhiteFideId "2609843"]
[BlackFideId "25006746"]
[WhiteElo "2061"]
[BlackElo "2169"]
[Result "0-1"]
[Round "06"]
[TimeControl "180+1"]
[Date "2022.05.24"]
[WhiteClock "0:02:10"]
[BlackClock "0:02:33"]

1. e4 e5 2. Nf3 Nc6 3. Bc4 Nf6 4. d3 Bc5 5. c3 O-O 6. O-O d5 7. exd5 Nxd5 8. h3 a5 9. Re1 Nb6 10. Bb3 Bd6 11. Nbd2 a4 12. Bc2 f5 13. Nc4 Nxc4 14. dxc4 Be6 15. Bxa4 Bxc4 16. Bb3 Bxb3 17. Qxb3+ Kh8 18. Qxb7 Qd7 19. Qb3 e4 20. Nd4 Ne5 21. Qe6 Qd8 22. Nxf5 Rf6 23. Nxd6 Rxe6 24. Nf7+ Nxf7 0-1


[Site "https://www.chess.com"]

[Event "Titled Tuesday Blitz May 24 Early 2022"]
[White "Bharath Subramaniyam H"]
[Black "Nakamura, Hikaru"]
[WhiteFideId "46634827"]
[BlackFideId "2016192"]
[WhiteElo "2242"]
[BlackElo "2850"]
[Result "0-1"]
[Round "06"]
[TimeControl "180+1"]
[Date "2022.05.24"]
[WhiteClock "0:01:28"]
[BlackClock "0:01:46"]

1. c4 Nf6 2. Nc3 e5 3. Nf3 Nc6 4. e3 Bb4 5. Qc2 O-O 6. Nd5 Be7 7. a3 d6 8. Bd3 h6 9. Nxf6+ Bxf6 10. Be4 Be6 11. d3 Qc8 12. b4 a5 13. b5 Ne7 14. Bb2 c6 15. bxc6 bxc6 16. d4 exd4 17. Nxd4 Rb8 18. O-O-O Rxb2 19. Qxb2 c5 20. Qb7 cxd4 21. Qxc8 Rxc8 22. exd4 Rxc4+ 23. Kd2 Rxd4+ 24. Ke3 Ra4 25. Rxd6 Nf5+ 26. Bxf5 Bxf5 27. Rhd1 Rxa3+ 28. Ke2 Bg4+ 29. f3 Be6 30. Ra6 Bc4+ 0-1


[Site "https://www.chess.com"]

[Event "Titled Tuesday Blitz May 24 Early 2022"]
[White "Bocharov, Dmitry"]
[Black "Bacrot, Etienne"]
[WhiteFideId "4138716"]
[BlackFideId "605506"]
[WhiteElo "2541"]
[BlackElo "2673"]
[Result "0-1"]
[Round "06"]
[TimeControl "180+1"]
[Date "2022.05.24"]
[WhiteClock "0:00:09"]
[BlackClock "0:00:07"]

1. c4 e6 2. Nf3 d5 3. b3 Nf6 4. Bb2 Be7 5. g3 O-O 6. Bg2 c5 7. O-O d4 8. e3 Nc6 9. exd4 cxd4 10. Re1 a5 11. Na3 Bc5 12. Nb5 Re8 13. Ne5 Nxe5 14. Rxe5 Nd7 15. Re1 e5 16. f4 Ra6 17. Qf3 Rf6 18. Qd5 exf4 19. Bxd4 Bxd4+ 20. Nxd4 fxg3 21. hxg3 Nf8 22. Qxd8 Rxd8 23. Nf3 Rd3 24. Re3 Rxe3 25. dxe3 Nd7 26. Rd1 Kf8 27. Nd4 Ke7 28. a3 Rb6 29. Nf5+ Kd8 30. Rd3 g6 31. Nd6 Kc7 32. Nxc8 Kxc8 33. c5 Re6 34. Bxb7+ Kc7 35. Rxd7+ Kxd7 36. b4 axb4 37. axb4 Rxe3 38. b5 Rc3 39. c6+ Kc7 40. Kf2 f5 41. Ba6 Kb6 42. Bc8 Kxb5 43. Bd7 Kb6 44. Be8 Kc7 45. Bf7 Kd6 46. Bg8 Rxc6 47. Bxh7 Ke5 48. Bg8 g5 49. Kf3 g4+ 50. Kf2 Rc2+ 51. Ke3 Rc3+ 52. Kf2 Rf3+ 53. Kg2 Ra3 54. Kf2 Ke4 55. Be6 Rc3 56. Bd7 Rc2+ 57. Kf1 Kf3 58. Bxf5 Rc1# 0-1


[Site "https://www.chess.com"]

[Event "Titled Tuesday Blitz May 24 Early 2022"]
[White "Borgaonkar Akshay"]
[Black "Tologon tegin, Semetei"]
[WhiteFideId "25639110"]
[BlackFideId "13800574"]
[WhiteElo "1639"]
[BlackElo "2258"]
[Result "0-1"]
[Round "06"]
[TimeControl "180+1"]
[Date "2022.05.25"]
[WhiteClock "0:00:10"]
[BlackClock "0:00:12"]

1. d4 Nf6 2. Bg5 d5 3. Nc3 Nbd7 4. Qd2 h6 5. Bh4 c6 6. e3 e5 7. dxe5 Nxe5 8. Bg3 Bd6 9. Nf3 Qe7 10. Be2 O-O 11. O-O Bf5 12. Nxe5 Bxe5 13. Bd3 Bg6 14. Rfe1 Rad8 15. Bxe5 Qxe5 16. f4 Qe7 17. Bxg6 fxg6 18. Qd3 Kh7 19. Rad1 Rfe8 20. h3 Qe6 21. Qd4 b6 22. Qd2 Rd7 23. Qf2 Rde7 24. Re2 Qf5 25. g4 Qd7 26. Qf3 h5 27. g5 Ne4 28. Nxe4 Rxe4 29. Rde1 Qe6 30. Kf2 Qf5 31. c3 c5 32. Rd1 a5 33. Rdd2 a4 34. a3 b5 35. Rd1 Qe6 36. Rdd2 Rf8 37. Kg3 Rf5 38. h4 Rf7 39. Re1 Re7 40. Rde2 d4 41. cxd4 cxd4 42. Kf2 d3 43. Rd2 Rd7 44. Red1 Qc4 45. Kg3 Rd5 46. Kf2 Re7 47. Re1 Rd6 48. Red1 Red7 49. Kg3 Qb3 50. f5 Qf7 51. fxg6+ Qxg6 52. e4 Rd4 53. Rxd3 Qd6+ 54. Kg2 Rxd3 55. Rxd3 Qxd3 56. Qf5+ Kg8 57. Qe6+ Kf8 58. g6 Qe2+ 59. Kg3 Rd3+ 60. Kf4 Qh2+ 61. Kg5 Qg3+ 62. Kxh5 Qf3+ 63. Kg5 Qg2+ 64. Kf5 Qh3+ 65. Ke5 Qxe6+ 66. Kxe6 Rxa3 67. e5 Rb3 68. h5 Rxb2 69. h6 gxh6 70. Kf6 Rf2+ 71. Ke6 Kg7 72. Kd7 Kxg6 73. e6 Re2 74. e7 Rxe7+ 75. Kxe7 a3 76. Kd6 a2 77. Kc5 0-1


[Site "https://www.chess.com"]

[Event "Titled Tuesday Blitz May 24 Early 2022"]
[White "Brodowski, Piotr"]
[Black "Rom, Jasper"]
[WhiteFideId "1124480"]
[BlackFideId "2023733"]
[WhiteElo "2431"]
[BlackElo "2233"]
[Result "1-0"]
[Round "06"]
[TimeControl "180+1"]
[Date "2022.05.25"]
[WhiteClock "0:00:57"]
[BlackClock "0:00:02"]

1. e4 e6 2. d4 d5 3. Nd2 Be7 4. Bd3 c5 5. dxc5 Nf6 6. exd5 Qxd5 7. Ngf3 Bxc5 8. O-O O-O 9. Nb3 Bb6 10. Qe2 Nc6 11. c3 h6 12. Bf4 Re8 13. Rad1 Qh5 14. Ne5 Qxe2 15. Bxe2 Nd5 16. Bg3 f6 17. Nxc6 bxc6 18. Nd4 Ne7 19. Bf3 Bd7 20. Nb5 Rad8 21. Nd6 Rf8 22. Nb7 e5 23. Nxd8 Rxd8 24. Rd2 Be6 25. Rxd8+ Bxd8 26. b3 Ba5 27. c4 c5 28. Rd1 Bc7 29. Bd5 Kf7 30. f3 Nf5 31. Bf2 Nd4 32. Bxe6+ Kxe6 33. Be3 Bb6 34. Kf2 f5 35. Bd2 g5 36. h4 Kf6 37. hxg5+ hxg5 38. Rh1 Kg6 39. Rh8 e4 40. fxe4 fxe4 41. Rg8+ Kf6 42. Bxg5+ Kf5 43. Be3 Nc2 44. g4+ Ke5 45. g5 Kf5 46. Rf8+ Kg6 47. Rf6+ Kg7 48. Re6 1-0


[Site "https://www.chess.com"]

[Event "Titled Tuesday Blitz May 24 Early 2022"]
[White "Butti, Enrique"]
[Black "Vittorino, Carlo Giovanni"]
[WhiteFideId "3700470"]
[BlackFideId "4401247"]
[WhiteElo "2080"]
[BlackElo "2233"]
[Result "1-0"]
[Round "06"]
[TimeControl "180+1"]
[Date "2022.05.25"]
[WhiteClock "0:02:36"]
[BlackClock "0:02:11"]

1. d4 Nf6 2. Nf3 b6 3. e3 Bb7 4. Bd3 e6 5. O-O c5 6. b3 Be7 7. Bb2 O-O 8. c4 cxd4 9. exd4 d5 10. Nc3 Nc6 11. Qe2 dxc4 12. bxc4 Nxd4 13. Nxd4 Qxd4 14. Nd5 Qc5 15. Bxf6 Bxf6 16. Qe4 Rfb8 17. Qxh7+ Kf8 18. Qh8# 1-0


[Site "https://www.chess.com"]

[Event "Titled Tuesday Blitz May 24 Early 2022"]
[White "Castaneda, Jhon David"]
[Black "Hart, Braeden"]
[WhiteFideId "4405048"]
[BlackFideId "30962587"]
[WhiteElo "2152"]
[BlackElo "2389"]
[Result "1-0"]
[Round "06"]
[TimeControl "180+1"]
[Date "2022.05.25"]
[WhiteClock "0:00:13"]
[BlackClock "0:00:26"]

1. d4 e5 2. dxe5 d6 3. Nf3 Bg4 4. e4 Nc6 5. Bb5 dxe5 6. Qe2 Bd6 7. h3 Bh5 8. Nc3 Ne7 9. g4 Bg6 10. Be3 O-O 11. h4 Bb4 12. Rd1 Qc8 13. Bxc6 Nxc6 14. Ng5 f6 15. h5 Be8 16. Nh3 Bd7 17. f3 Be6 18. Kf2 Bxc3 19. bxc3 Rd8 20. c4 Nd4 21. Bxd4 Rxd4 22. Rxd4 exd4 23. Nf4 Qd7 24. Rd1 c5 25. Nd5 Bxd5 26. cxd5 Qd6 27. Kg2 Re8 28. Qb5 Re7 29. a4 h6 30. Qc4 b6 31. Rb1 Kh7 32. a5 Qf4 33. Qe2 Rb7 34. a6 Rc7 35. Rb5 c4 36. Qf2 d3 37. Rb1 c3 38. Rd1 d2 39. Qe2 Qd6 40. Qd3 Rc5 41. e5+ 1-0


[Site "https://www.chess.com"]

[Event "Titled Tuesday Blitz May 24 Early 2022"]
[White "Chen, Qi b"]
[Black "Kuderinov, Kirill"]
[WhiteFideId "8614733"]
[BlackFideId "13701568"]
[WhiteElo "2432"]
[BlackElo "2432"]
[Result "1-0"]
[Round "06"]
[TimeControl "180+1"]
[Date "2022.05.25"]
[WhiteClock "0:01:15"]
[BlackClock "0:02:31"]

1. d4 Nf6 2. c4 e6 3. Nc3 d5 4. Nf3 c5 5. e3 cxd4 6. exd4 dxc4 7. Bxc4 Bb4 8. O-O O-O 9. Qe2 Nc6 10. Be3 Qa5 11. Rfc1 e5 12. d5 Bxc3 13. dxc6 Bg4 14. cxb7 Rab8 15. Rxc3 e4 16. h3 exf3 17. Qe1 Bh5 18. Rb3 fxg2 19. Qxa5 1-0


[Site "https://www.chess.com"]

[Event "Titled Tuesday Blitz May 24 Early 2022"]
[White "Cherniaiev, Tykhon"]
[Black "Shimanov, Aleksandr"]
[WhiteFideId "14182360"]
[BlackFideId "4198603"]
[WhiteElo "2289"]
[BlackElo "2605"]
[Result "0-1"]
[Round "06"]
[TimeControl "180+1"]
[Date "2022.05.24"]
[WhiteClock "0:00:20"]
[BlackClock "0:00:13"]

1. Nf3 d5 2. c4 e6 3. d4 Nf6 4. g3 Nbd7 5. Qc2 dxc4 6. Qxc4 a6 7. Bg2 b5 8. Qc2 Bb7 9. O-O c5 10. dxc5 Bxc5 11. Bg5 Rc8 12. Qd2 h6 13. Bxf6 Qxf6 14. Nc3 Nb6 15. Qf4 Qxf4 16. gxf4 b4 17. Nb1 Bxf3 18. Bxf3 Bd4 19. Nd2 Bxb2 20. Rab1 Ba3 21. Bb7 Rc2 22. Ne4 Rxe2 23. Rfe1 Rxa2 24. f5 O-O 25. fxe6 fxe6 26. Bxa6 Rf4 27. Bd3 g5 28. Nc5 Rfxf2 29. Rxe6 Rg2+ 30. Kf1 Raf2+ 31. Ke1 Nd5 32. Bc4 Nc3 33. Re2+ Kf8 34. Rxf2+ Rxf2 35. Rxb4 Rxh2 36. Ne6+ Ke7 37. Rb3 Bd6 38. Rxc3 Bb4 39. Kf1 Bxc3 40. Kg1 Rb2 41. Nc7 Be5 42. Nd5+ Kd6 43. Ne3 Bd4 44. Kh1 Bxe3 45. Be2 Ke5 46. Bd1 Kf4 47. Be2 Kg3 48. Bd1 Rh2# 0-1


[Site "https://www.chess.com"]

[Event "Titled Tuesday Blitz May 24 Early 2022"]
[White "Ciuffoletti, Paolo"]
[Black "Hartikainen, Jarmo"]
[WhiteFideId "807630"]
[BlackFideId "503134"]
[WhiteElo "2143"]
[BlackElo "2120"]
[Result "1-0"]
[Round "06"]
[TimeControl "180+1"]
[Date "2022.05.25"]
[WhiteClock "0:00:20"]
[BlackClock "0:00:01"]

1. e4 c5 2. d4 cxd4 3. c3 d5 4. exd5 Qxd5 5. cxd4 Nc6 6. Nf3 Bg4 7. Nc3 Bxf3 8. gxf3 Qxd4 9. Qxd4 Nxd4 10. Nb5 Nc2+ 11. Kd1 Nxa1 12. Nc7+ Kd8 13. Nxa8 g6 14. Be3 Bh6 15. Bxa7 Nf6 16. Bh3 e6 17. Ke2 Nc2 18. Rd1+ Kc8 19. Nb6+ Kc7 20. Nc4 Nd5 21. Be3 Ncxe3 22. fxe3 Ra8 23. a3 Ra4 24. Rc1 Kd7 25. f4 f6 26. Bg2 Ra6 27. Rd1 Kc6 28. h4 b5 29. Nd2 Kb6 30. Nb3 Ra7 31. Bxd5 exd5 32. Rxd5 Re7 33. Kd3 Re6 34. Nd4 Re7 35. Rxb5+ Ka6 36. Rd5 Bf8 37. Rd6+ Kb7 38. Rxf6 Bg7 39. Rd6 Rc7 40. Rd5 Bf8 41. Rb5+ Ka6 42. b4 Rc1 43. Ra5+ Kb6 44. Rb5+ Ka6 45. Rb8 Ra1 46. Rxf8 1-0


[Site "https://www.chess.com"]

[Event "Titled Tuesday Blitz May 24 Early 2022"]
[White "Csonka, Balazs"]
[Black "Kamsky, Gata"]
[WhiteFideId "742910"]
[BlackFideId "2000024"]
[WhiteElo "2404"]
[BlackElo "2645"]
[Result "0-1"]
[Round "06"]
[TimeControl "180+1"]
[Date "2022.05.24"]
[WhiteClock "0:00:03"]
[BlackClock "0:01:20"]

1. d4 Nf6 2. c4 g6 3. Nc3 Bg7 4. e4 d6 5. Nf3 O-O 6. Be2 Bg4 7. Be3 Bxf3 8. Bxf3 e5 9. dxe5 dxe5 10. Qxd8 Rxd8 11. Nd5 Ne8 12. O-O-O Na6 13. Bg4 c6 14. Nc3 h5 15. Bh3 Bf6 16. a3 Kf8 17. b4 Nd6 18. b5 Nc7 19. b6 Na6 20. bxa7 Nxc4 21. Rxd8+ Bxd8 22. Bh6+ Ke8 23. Rd1 Nc5 24. Na4 Nxa4 25. Bd7+ Ke7 26. Bg5+ f6 27. Bh6 Rxa7 28. Bc8 Nab6 0-1


[Site "https://www.chess.com"]

[Event "Titled Tuesday Blitz May 24 Early 2022"]
[White "Dahlgren, James Allen"]
[Black "Kvaloy, Aksel Bu"]
[WhiteFideId "22256873"]
[BlackFideId "1528815"]
[WhiteElo "2068"]
[BlackElo "2053"]
[Result "0-1"]
[Round "06"]
[TimeControl "180+1"]
[Date "2022.05.25"]
[WhiteClock "0:00:15"]
[BlackClock "0:00:05"]

1. d3 e5 2. f4 exf4 3. Bxf4 d5 4. Nf3 Bd6 5. Bxd6 Qxd6 6. Nc3 Nf6 7. e4 dxe4 8. dxe4 Qb4 9. Bd3 Qxb2 10. Nd5 Nxd5 11. exd5 Qb4+ 12. Qd2 Qxd2+ 13. Kxd2 O-O 14. Rae1 Bd7 15. Re7 Re8 16. Rhe1 Rxe7 17. Rxe7 Kf8 18. Re3 g6 19. c4 Na6 20. Ne5 Nc5 21. Kc3 f6 22. Kd4 b6 23. Nf3 Re8 24. Rxe8+ Kxe8 25. h4 Ke7 26. h5 Nxd3 27. Kxd3 gxh5 28. Ke4 Kd6 29. Kd4 Bg4 30. Nh4 a5 31. g3 a4 32. a3 Bd7 33. Ng2 Be8 34. Nf4 Bf7 35. Nd3 Be8 36. Nf4 c6 37. dxc6 Kxc6 38. Nd3 Bf7 39. Nb4+ Kd6 40. Nd3 f5 41. Nf4 h6 42. Nd3 h4 43. gxh4 Be8 44. Nf4 Bc6 45. Nd3 Bb7 46. Nf4 Be4 47. Ng6 Bc2 48. Nf4 Bb1 49. Nh3 Ke7 50. Nf4 Kf6 51. Nd5+ Kg6 52. Nxb6 f4 53. c5 Kh5 54. c6 Kxh4 55. c7 Bf5 56. c8=Q Bxc8 57. Nxc8 Kg3 58. Nd6 f3 59. Ne4+ Kg2 60. Ke3 h5 61. Nf2 h4 62. Ng4 h3 63. Kd2 Kg3 64. Ne3 h2 65. Nf1+ Kg2 66. Ke1 h1=Q 0-1


[Site "https://www.chess.com"]

[Event "Titled Tuesday Blitz May 24 Early 2022"]
[White "Darini, Pouria"]
[Black "Sirosh, Ilja"]
[WhiteFideId "12502200"]
[BlackFideId "4500458"]
[WhiteElo "2483"]
[BlackElo "2241"]
[Result "1-0"]
[Round "06"]
[TimeControl "180+1"]
[Date "2022.05.25"]
[WhiteClock "0:00:30"]
[BlackClock "0:00:06"]

1. e4 c5 2. Nc3 d6 3. d4 cxd4 4. Qxd4 Nc6 5. Qd2 Nf6 6. b3 e6 7. Bb2 d5 8. exd5 exd5 9. O-O-O Qa5 10. Nxd5 Qxd2+ 11. Rxd2 Nxd5 12. Rxd5 Be6 13. Rd1 Bc5 14. Rd2 O-O 15. Nh3 Rad8 16. Bd3 Nb4 17. Rhd1 Nxd3+ 18. Rxd3 Rxd3 19. Rxd3 Bxh3 20. Rxh3 Bxf2 21. Rd3 f6 22. Ba3 Rc8 23. Rd7 b5 24. Bb4 Bb6 25. Kd2 Rd8 26. Rxd8+ Bxd8 27. Kd3 Kf7 28. Kd4 Bb6+ 29. Kd5 f5 30. Kc6 Bg1 31. h3 g5 32. Kxb5 h5 33. Bc5 Bh2 34. Bxa7 g4 35. hxg4 fxg4 36. Kc4 h4 37. Kd3 h3 38. gxh3 gxh3 39. Ke4 Ke6 40. c4 Kd7 41. a4 Bd6 42. Kf3 Kc6 43. Bd4 Bf4 44. b4 Bd2 45. b5+ Kb7 46. Kg3 1-0


[Site "https://www.chess.com"]

[Event "Titled Tuesday Blitz May 24 Early 2022"]
[White "De Souza, Cristiano Gomes"]
[Black "Dushyant Sharma"]
[WhiteFideId "2151758"]
[BlackFideId "25065130"]
[WhiteElo "2068"]
[BlackElo "2105"]
[Result "1-0"]
[Round "06"]
[TimeControl "180+1"]
[Date "2022.05.25"]
[WhiteClock "0:02:11"]
[BlackClock "0:02:10"]

1. d4 d5 2. c4 e6 3. Nf3 Nf6 4. Nc3 Be7 5. Bg5 O-O 6. e3 Ne4 7. Bxe7 Qxe7 8. cxd5 Nxc3 9. bxc3 exd5 10. Qb3 c6 11. c4 Be6 12. Be2 dxc4 13. Bxc4 Bxc4 14. Qxc4 Nd7 15. O-O Kh8 16. Rab1 Rab8 17. Rfc1 Nb6 18. Qc5 Qe6 19. Rc2 Nd5 20. Qxa7 b5 21. Qc5 Rbc8 22. Rbc1 b4 23. Ne5 f5 24. Nxc6 Nf4 1-0


[Site "https://www.chess.com"]

[Event "Titled Tuesday Blitz May 24 Early 2022"]
[White "Decuigniere, Tom"]
[Black "Nugumanov, Bakhtiyar"]
[WhiteFideId "26093820"]
[BlackFideId "13701797"]
[WhiteElo "1997"]
[BlackElo "2262"]
[Result "0-1"]
[Round "06"]
[TimeControl "180+1"]
[Date "2022.05.25"]
[WhiteClock "0:00:01"]
[BlackClock "0:01:05"]

1. e4 c6 2. d4 d5 3. exd5 cxd5 4. Nf3 Nf6 5. Bf4 Bg4 6. Be2 e6 7. O-O Nc6 8. c3 Bd6 9. Ne5 Bxe2 10. Qxe2 O-O 11. Nd2 Rc8 12. Rfe1 Qc7 13. Bg3 Bxe5 14. dxe5 Nd7 15. f4 Qb6+ 16. Bf2 Qxb2 17. Rab1 Qxc3 18. Rxb7 Nc5 19. Rbb1 Nd4 20. Qe3 Qxe3 21. Bxe3 Nc2 22. Bxc5 Rxc5 23. Rec1 Rfc8 24. Rb7 h6 25. Nb3 Rc4 26. Rxa7 Ne3 27. Rxc4 Rxc4 28. Ra8+ Kh7 29. Kf2 Nd1+ 30. Kg3 Rc3+ 31. Kg4 Rc2 32. g3 Rxh2 33. Nd4 Ne3+ 34. Kf3 Nc4 35. a4 Ra2 36. Nb5 Kg6 37. Kg4 h5+ 0-1


[Site "https://www.chess.com"]

[Event "Titled Tuesday Blitz May 24 Early 2022"]
[White "Dimitrov, Atanas"]
[Black "Le, Tuan Minh"]
[WhiteFideId "2901315"]
[BlackFideId "12401153"]
[WhiteElo "2697"]
[BlackElo "2450"]
[Result "0-1"]
[Round "06"]
[TimeControl "180+1"]
[Date "2022.05.24"]
[WhiteClock "0:00:59"]
[BlackClock "0:01:19"]

1. Nf3 d5 2. c4 c6 3. b3 Nf6 4. Bb2 Bg4 5. e3 e6 6. Be2 Nbd7 7. O-O Bd6 8. Nc3 Qe7 9. h3 Bh5 10. d4 O-O 11. Nd2 Bg6 12. Bf3 e5 13. cxd5 e4 14. Bg4 cxd5 15. Rc1 h5 16. Bxd7 Qxd7 17. Qe2 a6 18. Na4 Rad8 19. Nc5 Qe7 20. b4 Rfe8 21. b5 axb5 22. Qxb5 Bf5 23. Ndb3 Rb8 24. Na4 Bd7 25. Qa5 Ra8 26. Qb6 Bxa4 27. Nc5 Bc6 28. a4 Nd7 29. Nxd7 Qxd7 30. a5 Bc7 31. Qb3 Rxa5 32. Bc3 Rb5 33. Qc2 Qd6 34. g3 h4 35. Be1 hxg3 36. fxg3 Qh6 37. Kg2 Qxe3 38. Bf2 Qf3+ 39. Kh2 e3 0-1


[Site "https://www.chess.com"]

[Event "Titled Tuesday Blitz May 24 Early 2022"]
[White "Djokic, Mihailo"]
[Black "Jian, Alex"]
[WhiteFideId "976440"]
[BlackFideId "30901022"]
[WhiteElo "2202"]
[BlackElo "2111"]
[Result "1-0"]
[Round "06"]
[TimeControl "180+1"]
[Date "2022.05.25"]
[WhiteClock "0:00:09"]
[BlackClock "0:00:08"]

1. e4 c5 2. Nf3 e6 3. d4 cxd4 4. Nxd4 a6 5. Be2 Nf6 6. Nc3 d6 7. O-O Be7 8. f4 O-O 9. Kh1 Nc6 10. Be3 Qc7 11. Qe1 Nxd4 12. Bxd4 b5 13. a3 Bb7 14. Qg3 g6 15. Bf3 Nd7 16. f5 Ne5 17. Bxe5 dxe5 18. fxe6 fxe6 19. Bg4 Qb6 20. Qh3 Rxf1+ 21. Rxf1 Rf8 22. Bxe6+ Kg7 23. Rxf8 Bxf8 24. Bd5 Qf2 25. g3 Bc8 26. Qg2 Qe1+ 27. Qg1 Qd2 28. Qd1 Qf2 29. Qe2 Qd4 30. Qd3 Qf2 31. Nd1 Qe1+ 32. Kg2 Bc5 33. b4 Qg1+ 34. Kf3 Bd4 35. c3 Qh1+ 36. Ke2 Qg2+ 37. Ke1 Qh1+ 38. Kd2 Qxh2+ 39. Kc1 Bg1 40. Bb3 Bg4 41. Bc2 Qg2 42. c4 Qf3 43. Qxf3 Bxf3 44. c5 h5 45. Nc3 g5 46. c6 Bb6 47. Nd5 Bd8 48. c7 Bxc7 49. Nxc7 h4 50. gxh4 gxh4 51. Ne6+ Kf6 52. Nc5 h3 53. Nd3 Bxe4 54. Nf2 Bg2 55. Kd2 h2 56. Ng4+ Kg5 57. Nxh2 Bd5 58. Bd1 Kf4 59. Nf1 e4 60. Ne3 Bc6 61. Bc2 Ke5 62. Kc3 Bb7 63. Nd1 Kf4 64. Kd4 Ba8 65. Ne3 Bb7 66. Bb3 Ba8 67. Be6 Kf3 68. Bd7 Kf4 69. Be6 Kf3 70. Bd5 Bxd5 71. Nxd5 Ke2 72. Kxe4 Kd2 73. Kd4 Kc2 74. Nc7 Kb3 75. Nxa6 Kxa3 76. Kc5 Ka4 77. Kb6 Kb3 78. Kxb5 Ka3 79. Nc5 Ka2 80. Ka5 Ka3 81. b5 Ka2 82. b6 Ka3 83. b7 Ka2 84. b8=Q Ka3 85. Qb3# 1-0


[Site "https://www.chess.com"]

[Event "Titled Tuesday Blitz May 24 Early 2022"]
[White "Dmitrenko, Viktor"]
[Black "Gallego Alcaraz, Andres Felipe"]
[WhiteFideId "14110270"]
[BlackFideId "4402669"]
[WhiteElo "2218"]
[BlackElo "2340"]
[Result "1-0"]
[Round "06"]
[TimeControl "180+1"]
[Date "2022.05.25"]
[WhiteClock "0:00:19"]
[BlackClock "0:00:02"]

1. d4 f5 2. Nf3 Nf6 3. g3 g6 4. Bg2 Bg7 5. c3 d6 6. Qb3 e6 7. O-O Qe7 8. a4 O-O 9. a5 a6 10. Bg5 Nbd7 11. Na3 h6 12. Bc1 Kh7 13. Nc4 e5 14. dxe5 dxe5 15. Qa3 Qxa3 16. Rxa3 e4 17. Nd4 Nc5 18. Rd1 Rd8 19. Bf4 Ne6 20. Be5 c5 21. Nb6 Ra7 22. Bb8 cxd4 23. Bxa7 Nc7 24. Nxc8 Rxc8 25. Bxd4 Nb5 26. Raa1 Nxd4 27. Rxd4 h5 28. Rd6 h4 29. Rad1 Rc7 30. f3 hxg3 31. hxg3 e3 32. f4 Nh5 33. Kh2 g5 34. Bf3 g4 35. Bd5 Rc5 36. Bxb7 Rb5 37. Bxa6 Rxb2 38. Bd3 Ra2 39. a6 Bf8 40. Bxf5+ Kg7 41. Rc6 Rxe2+ 42. Kg1 Rd2 43. Bxg4 Nxg3 44. Rxd2 exd2 45. a7 1-0


[Site "https://www.chess.com"]

[Event "Titled Tuesday Blitz May 24 Early 2022"]
[White "Dubov, Daniil"]
[Black "Nogerbek, Kazybek"]
[WhiteFideId "24126055"]
[BlackFideId "13710427"]
[WhiteElo "2791"]
[BlackElo "2441"]
[Result "1-0"]
[Round "06"]
[TimeControl "180+1"]
[Date "2022.05.24"]
[WhiteClock "0:00:39"]
[BlackClock "0:00:10"]

1. e4 c5 2. Nc3 a6 3. Nge2 d6 4. d4 cxd4 5. Qxd4 Nf6 6. b3 Nc6 7. Qd2 g6 8. Bb2 Bg7 9. O-O-O O-O 10. f3 Qa5 11. Kb1 Be6 12. h4 Rfc8 13. h5 b5 14. Nf4 Bd7 15. hxg6 hxg6 16. g4 e5 17. g5 exf4 18. gxf6 Bxf6 19. Qxd6 Be6 20. Qxf4 Bg7 21. Nd5 Bxd5 22. Qf6 1-0


[Site "https://www.chess.com"]